 Dungeon Crawl Stone Soup version 0.18.1-1-g2f07953 (webtiles) character file.

520 aurelian the Cutter (level 7, 0/38 HPs)
             Began as a Deep Elf Assassin on May 21, 2016.
             Was a Follower of Vehumet.
             Killed by nerve-wracking pain
             ... invoked by an orc priest
              (14 damage)
             ... on level 4 of the Dungeon.
             The game lasted 00:10:25 (5241 turns).

aurelian the Cutter (Deep Elf Assassin)             Turns: 5241, Time: 00:10:25

Health: 0/38       AC:  3    Str:  8    XL:     7   Next: 1%
Magic:  11/11      EV: 12    Int: 17    God:    Vehumet [*.....]
Gold:   156        SH:  0    Dex: 17    Spells: 1 memorised, 8 levels left

rFire  + . .     SeeInvis .     b - +0 blowgun
rCold  . . .     Gourm    .     c - +0 robe
rNeg   . . .     Faith    .     (no shield)
rPois  .         Spirit   .     (no helmet)
rElec  .         Dismiss  .     d - +0 cloak
rCorr  .         Reflect  .     (no gloves)
SustAt .         Harm     .     (no boots)
MR     .....                    (no amulet)
Stlth  +++.......               (no ring)
                                y - ring of protection from fire

@: not resistant to hostile enchantments, fairly stealthy
A: no striking features
a: Renounce Religion


You were on level 4 of the Dungeon.
You worshipped Vehumet.
Vehumet was aware of your devotion.
You were hungry.

You visited 1 branch of the dungeon, and saw 4 of its levels.

You collected 156 gold pieces.

Inventory:

Hand Weapons
 a - a +2 dagger
 b - a +0 blowgun (weapon)
 n - a +0 long sword
 r - a +0 hunting sling
Missiles
 e - 10 poisoned needles (quivered)
 o - 144 stones
 v - a throwing net
Armour
 c - a +0 robe (worn)
 d - a +0 cloak (worn)
 k - a +0 leather armour
 z - a +1 leather armour of cold resistance
Magical Staves
 A - an uncursed staff of energy
Jewellery
 m - an uncursed amulet of inaccuracy
 y - a ring of protection from fire (left hand)
Scrolls
 h - a scroll of remove curse
 q - 2 scrolls of identify {unknown}
 t - 2 scrolls of enchant weapon {unknown}
 w - a scroll of magic mapping {unknown}
 x - a scroll of noise {unknown}
 B - a scroll of amnesia {unknown}
Potions
 l - a potion of haste
 p - a potion of mutation {unknown}
 s - a potion of flight {unknown}
 u - a potion of brilliance {unknown}
Comestibles
 f - 3 chunks of flesh
 g - 4 bread rations
 i - 6 fruits
 j - a meat ration


   Skills:
 - Level 1.5 Fighting
 - Level 7.3 Short Blades
 - Level 2.0 Throwing
 - Level 1.2 Dodging
 - Level 4.8 Stealth
 + Level 1.6 Spellcasting
 + Level 1.4 Earth Magic


You had 8 spell levels left.
You knew the following spells:

 Your Spells              Type           Power        Failure   Level  Hunger
a - Sandblast             Erth           #.....       14%         1    ##.....


Dungeon Overview and Level Annotations

Branches:
Dungeon (4/15)
 Temple: D:4-7

Altars:
Elyvilon
Vehumet
Xom

Annotations:
D:3 Grinder


Message History

Press: ? - help, Shift-Dir - straight line, f/p - orc priest
Aim: an orc priest, wielding a hand axe (moderately wounded, poisoned)
You shoot a poisoned needle.
The poisoned needle hits the orc priest.
The orc priest is moderately wounded.
Firing (i - inventory. (,) - cycle):
e - 12 poisoned needles (quivered)
Press: ? - help, Shift-Dir - straight line, f/p - orc priest
Aim: an orc priest, wielding a hand axe (heavily wounded, poisoned)
You shoot a poisoned needle.
The poisoned needle hits the orc priest.
The orc priest is heavily wounded.
The orc priest looks more healthy.
Firing (i - inventory. (,) - cycle):
e - 11 poisoned needles (quivered)
Press: ? - help, Shift-Dir - straight line, f/p - orc priest
Aim: an orc priest, wielding a hand axe (heavily wounded)
You shoot a poisoned needle.
The poisoned needle closely misses the orc priest.
The orc priest mumbles some strange prayers to Beogh against you.
Pain shoots through your body!
You die...

........############.########
######### #......... ..######
##### #.######## #......# #...#
#.#...... #......# #...#
#.#...## #......# #...#
#......# .....(.####(..####
#.#.##.#
.......'<..((o...###....#
##(....####.....@....(#.#####.#
##O....# #....#.###..#.......#
.$..#### ####.#.###..#########
....# #.#..##..# ....#
#.##.##..# ....# #.##.##..#
..!.# #.##..#..# ....#
##........# ##### #........[#


You could see an orc priest.

Vanquished Creatures
  An ogre (D:4)
  3 hounds (D:4)
  2 giant frog skeletons (D:4)
  2 worker ants (D:4)
  8 gnolls (D:4)
  8 adders
  3 worms
  4 dart slugs
  3 giant geckos
  2 orcs (D:3)
  2 ball pythons
  4 giant cockroaches
  4 goblins
  8 hobgoblins
  8 jackals (D:2)
  A quokka (D:3)
  12 bats
  A giant gecko skeleton (D:4)
  5 giant newts
  7 kobolds
  8 rats
96 creatures vanquished.

Notes
Turn   | Place    | Note
--------------------------------------------------------------
     0 | D:1      | aurelian the Deep Elf Assassin began the quest for the Orb.
     0 | D:1      | Reached XP level 1. HP: 12/12 MP: 3/3
   324 | D:1      | Found a shimmering altar of Xom.
   333 | D:1      | Reached XP level 2. HP: 14/16 MP: 4/4
   408 | D:1      | Reached skill level 3 in Short Blades
   896 | D:1      | Reached XP level 3. HP: 20/20 MP: 5/5
  1392 | D:2      | Reached skill level 4 in Short Blades
  1532 | D:2      | Found a white marble altar of Elyvilon.
  1992 | D:2      | Reached XP level 4. HP: 9/25 MP: 6/6
  2516 | D:3      | Noticed Grinder
  3060 | D:3      | Reached skill level 5 in Short Blades
  3571 | D:3      | Reached XP level 5. HP: 22/29 MP: 7/7
  3687 | D:3      | Found a radiant altar of Vehumet.
  3695 | D:3      | Became a worshipper of Vehumet
  3756 | D:4      | Noticed an ogre
  3768 | D:4      | Killed an ogre
  3768 | D:4      | Reached skill level 6 in Short Blades
  3797 | D:4      | Reached XP level 6. HP: 34/34 MP: 8/8
  4245 | D:4      | Reached skill level 7 in Short Blades
  4563 | D:4      | Reached * piety under Vehumet
  4563 | D:4      | Offered knowledge of Sandblast by Vehumet.
  4570 | D:4      | Learned a level 1 spell: Sandblast
  4733 | D:4      | Reached skill level 1 in Spellcasting
  4858 | D:4      | Reached skill level 1 in Earth Magic
  5216 | D:4      | Reached XP level 7. HP: 38/38 MP: 11/11
  5241 | D:4      | Killed from afar by an orc priest

Skill      XL: |  1  2  3  4  5  6 |
---------------+-------------------+-----
Short Blades   | 3 4 5 6 7 |  7.3
Spellcasting   | 1 |  1.6
Earth Magic    | 1 |  1.4
Fighting       | |  1.5
Throwing       | |  2.0
Dodging        | |  1.2
Stealth        | |  4.8

Action                   |  1- 3 |  4- 6 |  7- 9 || total
-------------------------+-------+-------+-------++-------
Melee: Dagger            |   160 |   158 |       ||   318
 Fire: Blowgun           |    31 |    51 |     5 ||    87
  Use: Scroll            |     1 |     1 |       ||     2
       Potion            |       |     1 |       ||     1
 Stab: Sleeping          |    10 |     9 |       ||    19
       Distracted        |     2 |     2 |       ||     4
  Eat: Chunk             |     3 |    10 |       ||    13
Armor: Robe              |    44 |     5 |       ||    49
       Leather armour    |       |    31 |       ||    31
Dodge: Dodged            |   106 |    86 |       ||   192
